| TOP OF THE 1ST |
|
Texas Rangers batting - Pitching for Montreal Expos : LHP Brian White
|
|
Pitching: LHP Brian White
|
|
|
Batting: SHB Vince Ealy
|
0-0: Ball 1-0: Bunted foul 1-1: Ball 2-1: Ball 3-1: Fly out, F8 (Flyball, 8LM, EV 90.6 MPH)
|
|
Batting: RHB Marc Peckermark
|
0-0: Ball 1-0: Foul Ball, location: 2F 1-1: Ball 2-1: Called Strike 2-2: Strikes out looking
|
|
Batting: SHB John Giesbrecht
|
0-0: Ground out 6-3 (Groundball, 6, EV 83.8 MPH)
|
| Top of the 1st over - 0 runs, 0 hits, 0 errors, 0 left on base; Texas 0 - Montreal 0 |
| BOTTOM OF THE 1ST |
|
Montreal Expos batting - Pitching for Texas Rangers : RHP Bas Kooy
|
|
Pitching: RHP Bas Kooy
|
|
|
Batting: LHB Bill McGregor
|
0-0: Ball 1-0: Called Strike 1-1: TRIPLE (Groundball, 5L, EV 108.1 MPH)
|
|
Batting: RHB Jonathan Fraire
|
0-0: Ball 1-0: Fly out, F8 (Flyball, 8LXD, EV 87.5 MPH) Runner from 3rd tags up, SCORES, no throw by CF
|
|
Batting: SHB Joey Pacheco
|
0-0: Called Strike 0-1: Called Strike 0-2: Strikes out looking
|
|
Batting: LHB Austin Ohmer
|
0-0: Ball 1-0: Ball 2-0: Hit by Pitch
|
|
Batting: LHB Steve Anderson
|
0-0: Ball 1-0: Called Strike 1-1: Foul Ball, location: 2F 1-2: Strikes out swinging
|
| Bottom of the 1st over - 1 run, 1 hit, 0 errors, 1 left on base; Texas 0 - Montreal 1 |
| TOP OF THE 2ND |
|
Texas Rangers batting - Pitching for Montreal Expos : LHP Brian White
|
|
Batting: RHB Jarrod Joyce
|
0-0: Fly out, F3 (Popup, 23F, EV 76.2 MPH)
|
|
Batting: SHB Tony Prado
|
0-0: Ball 1-0: Called Strike 1-1: Called Strike 1-2: Ball 2-2: Strikes out swinging
|
|
Batting: RHB Zhao-ji Chi
|
0-0: Ball 1-0: Foul Ball, location: 2F 1-1: Foul Ball, location: 2F 1-2: Strikes out swinging, 2-3 out at first.
|
| Top of the 2nd over - 0 runs, 0 hits, 0 errors, 0 left on base; Texas 0 - Montreal 1 |
| BOTTOM OF THE 2ND |
|
Montreal Expos batting - Pitching for Texas Rangers : RHP Bas Kooy
|
|
Batting: LHB Mark Marvin
|
0-0: Ball 1-0: Ball 2-0: Called Strike 2-1: Called Strike 2-2: Foul Ball, location: 2F 2-2: Foul Ball, location: 2F 2-2: Ball 3-2: Base on Balls
|
|
Batting: RHB Eugênio Asceno
|
0-0: Ball 1-0: Fly out, F1 (Popup, P, EV 76.2 MPH)
|
|
Batting: RHB Tommie Eaton
|
0-0: Called Strike 0-1: Fly out, F7 (Flyball, 7, EV 78.8 MPH)
|
|
Batting: RHB Alex Diaz
|
0-0: Ball 1-0: Ball 2-0: Called Strike 2-1: Ball 3-1: Called Strike 3-2: Foul Ball, location: 2F 3-2: Fly out, F7 (Line Drive, 7LM, EV 105.0 MPH)
|
| Bottom of the 2nd over - 0 runs, 0 hits, 0 errors, 1 left on base; Texas 0 - Montreal 1 |
| TOP OF THE 3RD |
|
Texas Rangers batting - Pitching for Montreal Expos : LHP Brian White
|
|
Batting: LHB Josh Stuck
|
0-0: Ball 1-0: Ball 2-0: Called Strike 2-1: Ball 3-1: Foul Ball, location: 2F 3-2: Fly out, F7 (Flyball, 7, EV 86.2 MPH)
|
|
Batting: RHB John Michener
|
0-0: Swinging Strike 0-1: Ball 1-1: Swinging Strike 1-2: Strikes out swinging
|
|
Batting: RHB Josh Ferguson
|
0-0: Ball 1-0: Foul Ball, location: 2F 1-1: Foul Ball, location: 2F 1-2: SINGLE (Groundball, 6S, EV 73.8 MPH) (infield hit)
|
|
Batting: SHB Vince Ealy
|
0-0: Foul Ball, location: 2F 0-1: Ball 1-1: SINGLE (Line Drive, 7S, EV 95.0 MPH) Josh Ferguson to second
|
|
Batting: RHB Marc Peckermark
|
0-0: Ball 1-0: Swinging Strike 1-1: Foul Ball, location: 2F 1-2: 3-RUN HOME RUN (Flyball, 89XD, EV 109.4 MPH), Distance : 423 ft
|
|
Batting: SHB John Giesbrecht
|
0-0: Ball 1-0: Ball 2-0: Fly out, F9 (Flyball, 89M, EV 88.1 MPH)
|
| Top of the 3rd over - 3 runs, 3 hits, 0 errors, 0 left on base; Texas 3 - Montreal 1 |
| BOTTOM OF THE 3RD |
|
Montreal Expos batting - Pitching for Texas Rangers : RHP Bas Kooy
|
|
Batting: LHB Bill McGregor
|
0-0: Called Strike 0-1: Foul Ball, location: 2F 0-2: Foul Ball, location: 2F 0-2: Ball 1-2: Strikes out looking
|
|
Batting: RHB Jonathan Fraire
|
0-0: Ground out 6-3 (Groundball, 6, EV 101.2 MPH)
|
|
Batting: SHB Joey Pacheco
|
0-0: Ball 1-0: Ground out 4-3 (Groundball, 4, EV 90.6 MPH)
|
| Bottom of the 3rd over - 0 runs, 0 hits, 0 errors, 0 left on base; Texas 3 - Montreal 1 |
| TOP OF THE 4TH |
|
Texas Rangers batting - Pitching for Montreal Expos : LHP Brian White
|
|
Batting: RHB Jarrod Joyce
|
0-0: Called Strike 0-1: Ball 1-1: Fly out, F8 (Flyball, 8LM, EV 90.6 MPH)
|
|
DELAY
|
Rain delay of 17 minutes in the 4th inning.
|
|
Batting: SHB Tony Prado
|
0-0: Called Strike 0-1: Swinging Strike 0-2: Strikes out looking
|
|
Batting: RHB Zhao-ji Chi
|
0-0: Ground out 1-3 (Groundball, 15S, EV 70.0 MPH)
|
| Top of the 4th over - 0 runs, 0 hits, 0 errors, 0 left on base; Texas 3 - Montreal 1 |
| BOTTOM OF THE 4TH |
|
Montreal Expos batting - Pitching for Texas Rangers : RHP Bas Kooy
|
|
Batting: LHB Austin Ohmer
|
0-0: Swinging Strike 0-1: Called Strike 0-2: Ball 1-2: Ball 2-2: Foul Ball, location: 2F 2-2: Foul Ball, location: 2F 2-2: Ground out 6-3 (Groundball, 6M, EV 86.2 MPH)
|
|
Batting: LHB Steve Anderson
|
0-0: Called Strike 0-1: Ball 1-1: Called Strike 1-2: Ball 2-2: Foul Ball, location: 2F 2-2: Foul Ball, location: 2F 2-2: Strikes out swinging
|
|
Batting: LHB Mark Marvin
|
0-0: Called Strike 0-1: Ground out 1-3 (Groundball, 13S, EV 66.9 MPH)
|
| Bottom of the 4th over - 0 runs, 0 hits, 0 errors, 0 left on base; Texas 3 - Montreal 1 |
| TOP OF THE 5TH |
|
Texas Rangers batting - Pitching for Montreal Expos : LHP Brian White
|
|
Now at 3B: Danny Diaz
|
|
|
Now in LF: Jake Rheaume
|
|
|
Batting: LHB Josh Stuck
|
0-0: Foul Ball, location: 2F 0-1: Foul Ball, location: 2F 0-2: Fly out, F6 (Line Drive, 6, EV 68.8 MPH)
|
|
Batting: RHB John Michener
|
0-0: Called Strike 0-1: Reached on error, E4 (Groundball, 4, EV 84.4 MPH)
|
|
Batting: RHB Josh Ferguson
|
0-0: Ground out 6-3 (Groundball, 6M, EV 80.6 MPH) John Michener to third
|
|
Pinch Hitting: RHB Luis Arce
|
0-0: Called Strike 0-1: Ball 1-1: Foul Ball, location: 2F 1-2: Foul Ball, location: 2F 1-2: DOUBLE (Flyball, 78D, EV 106.9 MPH) John Michener scores
|
|
Pinch Hitting: RHB Danny Weisse
|
0-0: Called Strike 0-1: Called Strike 0-2: Strikes out swinging
|
| Top of the 5th over - 1 run, 1 hit, 1 error, 1 left on base; Texas 4 - Montreal 1 |
| BOTTOM OF THE 5TH |
|
Montreal Expos batting - Pitching for Texas Rangers : RHP Bas Kooy
|
|
Now at C: Alvare Bairro
|
|
|
Now at 1B: Rich Chavez
|
|
|
Now at 2B: Noah Stanley
|
|
|
Now at SS: Luis Arce
|
|
|
Now in LF: Troy Trice
|
|
|
Now in CF: Danny Weisse
|
|
|
Batting: RHB Eugênio Asceno
|
0-0: Ball 1-0: Foul Ball, location: 2F 1-1: Called Strike 1-2: Foul Ball, location: 2F 1-2: Ball 2-2: Fly out, F8 (Flyball, 8RD, EV 95.6 MPH)
|
|
Batting: RHB Tommie Eaton
|
0-0: Ball 1-0: Ball 2-0: Called Strike 2-1: Ball 3-1: Called Strike 3-2: Strikes out swinging
|
|
Batting: RHB Alex Diaz
|
0-0: Ball 1-0: Called Strike 1-1: Foul Ball, location: 2F 1-2: Ball 2-2: Strikes out looking
|
| Bottom of the 5th over - 0 runs, 0 hits, 0 errors, 0 left on base; Texas 4 - Montreal 1 |
| TOP OF THE 6TH |
|
Texas Rangers batting - Pitching for Montreal Expos : LHP Brian White
|
|
Pitching: RHP Cody Wilharm
|
|
|
Batting: SHB Rich Chavez
|
0-0: Ball 1-0: Fly out, F7 (Flyball, 78M, EV 88.8 MPH)
|
|
Pinch Hitting: RHB Chris Torlak
|
0-0: DOUBLE (Flyball, 7LD, EV 111.9 MPH)
|
|
Batting: LHB Sean Geisler
|
0-0: Called Strike 0-1: Ball 1-1: Ball 2-1: Fly out, F9 (Flyball, 9, EV 86.9 MPH)
|
|
Batting: RHB Noah Stanley
|
0-0: Called Strike 0-1: Foul Ball, location: 2F 0-2: DOUBLE (Line Drive, 3D, EV 104.4 MPH) Chris Torlak scores
|
|
Pinch Hitting: RHB Adryão Anto
|
0-0: Called Strike 0-1: Ball 1-1: Fly out, F2 (Popup, 2R, EV 96.9 MPH)
|
| Top of the 6th over - 1 run, 2 hits, 0 errors, 1 left on base; Texas 5 - Montreal 1 |
| BOTTOM OF THE 6TH |
|
Montreal Expos batting - Pitching for Texas Rangers : RHP Bas Kooy
|
|
Pitching: LHP Mike Tracy
|
|
|
Now at 3B: Chris Torlak
|
|
|
Now in RF: Adryão Anto
|
|
|
Batting: RHB Danny Diaz
|
0-0: Called Strike 0-1: Ball 1-1: Swinging Strike 1-2: Ball 2-2: SOLO HOME RUN (Flyball, 9D, EV 96.2 MPH), Distance : 377 ft
|
|
Pinch Hitting: RHB John Ham
|
0-0: Ball 1-0: Called Strike 1-1: Called Strike 1-2: Ball 2-2: Strikes out swinging
|
|
Pinch Hitting: SHB Lou Kroneman
|
0-0: Fly out, F9 (Flyball, 9LM, EV 81.2 MPH)
|
|
Batting: LHB Austin Ohmer
|
0-0: Foul Ball, location: 2F 0-1: Ball 1-1: Foul Ball, location: 2F 1-2: Ball 2-2: Strikes out swinging
|
| Bottom of the 6th over - 1 run, 1 hit, 0 errors, 0 left on base; Texas 5 - Montreal 2 |
| TOP OF THE 7TH |
|
Texas Rangers batting - Pitching for Montreal Expos : RHP Cody Wilharm
|
|
Pitching: RHP Chet Tague
|
|
|
Now at C: James Huddleston
|
|
|
Now at SS: Lou Kroneman
|
|
|
Now in CF: Austin Ohmer
|
|
|
Now in RF: John Ham
|
|
|
Batting: RHB Troy Trice
|
0-0: Ball 1-0: Foul Ball, location: 2F 1-1: Fly out, F9 (Line Drive, 89M, EV 105.6 MPH)
|
|
Batting: SHB Alvare Bairro
|
0-0: Swinging Strike 0-1: Ball 1-1: Ball 2-1: Ball 3-1: Base on Balls
|
|
Batting: RHB Luis Arce
|
0-0: Swinging Strike Pickoff Throw to First - Error! E1 Alvare Bairro to second 0-1: Foul Ball, location: 2F 0-2: Ball 1-2: Ball 2-2: Ball 3-2: Strikes out swinging
|
|
Batting: RHB Danny Weisse
|
0-0: Swinging Strike 0-1: Ball 1-1: Reached on error, E5 (Groundball, 56, EV 77.5 MPH) Alvare Bairro to third
|
|
Batting: SHB Rich Chavez
|
0-0: Ball Danny Weisse is caught stealing 2nd base 2-6
|
| Top of the 7th over - 0 runs, 0 hits, 2 errors, 1 left on base; Texas 5 - Montreal 2 |
| BOTTOM OF THE 7TH |
|
Montreal Expos batting - Pitching for Texas Rangers : LHP Mike Tracy
|
|
Pitching: RHP Mike Webb
|
|
|
Batting: LHB Jake Rheaume
|
0-0: Ball 1-0: Ball 2-0: Called Strike 2-1: Ball 3-1: Foul Ball, location: 2F 3-2: Foul Ball, location: 2F 3-2: Foul Ball, location: 2F 3-2: Strikes out looking
|
|
Pinch Hitting: RHB Steve French
|
0-0: Fly out, F7 (Flyball, 7D, EV 101.2 MPH)
|
|
Batting: RHB James Huddleston
|
0-0: Fly out, F9 (Flyball, 9, EV 85.6 MPH)
|
| Bottom of the 7th over - 0 runs, 0 hits, 0 errors, 0 left on base; Texas 5 - Montreal 2 |
| TOP OF THE 8TH |
|
Texas Rangers batting - Pitching for Montreal Expos : RHP Chet Tague
|
|
Now at 1B: Steve French
|
|
|
Batting: SHB Rich Chavez
|
0-0: Foul Ball, location: 2F 0-1: Ball 1-1: Swinging Strike 1-2: Strikes out swinging
|
|
Batting: RHB Chris Torlak
|
0-0: Fly out, F9 (Line Drive, 9LM, EV 91.9 MPH)
|
|
Batting: LHB Sean Geisler
|
0-0: Swinging Strike 0-1: Ball 1-1: Ball 2-1: Ball 3-1: Base on Balls
|
|
Batting: RHB Noah Stanley
|
0-0: Called Strike 0-1: Ball Wild Pitch! Sean Geisler to second 1-1: Ball 2-1: Ball 3-1: Base on Balls
|
|
Batting: RHB Adryão Anto
|
0-0: Ball 1-0: Swinging Strike 1-1: Foul Ball, location: 2F 1-2: Ball 2-2: Ball 3-2: Strikes out looking
|
| Top of the 8th over - 0 runs, 0 hits, 0 errors, 2 left on base; Texas 5 - Montreal 2 |
| BOTTOM OF THE 8TH |
|
Montreal Expos batting - Pitching for Texas Rangers : RHP Mike Webb
|
|
Pitching: LHP Valery Sahanov
|
|
|
Batting: RHB Sesto Carpini
|
0-0: Ball 1-0: Ball 2-0: Foul Ball, location: 2F 2-1: Ball 3-1: Base on Balls
|
|
Pitching: RHP Mark Lopez
|
|
|
Batting: RHB Alex Diaz
|
0-0: Swinging Strike 0-1: Foul Ball, location: 2F 0-2: Strikes out swinging
|
|
Batting: RHB Danny Diaz
|
0-0: Called Strike 0-1: Ball 1-1: Called Strike 1-2: Foul Ball, location: 2F 1-2: Strikes out swinging
|
|
Batting: RHB John Ham
|
0-0: Ball 1-0: Ball 2-0: Foul Ball, location: 2F 2-1: Ball 3-1: Foul Ball, location: 2F 3-2: Foul Ball, location: 2F 3-2: Strikes out swinging
|
| Bottom of the 8th over - 0 runs, 0 hits, 0 errors, 1 left on base; Texas 5 - Montreal 2 |
| TOP OF THE 9TH |
|
Texas Rangers batting - Pitching for Montreal Expos : RHP Chet Tague
|
|
Pitching: RHP Jakub Kvacek
|
|
|
Pinch Hitting: SHB Pat Wilson
|
0-0: SINGLE (Flyball, 4D, EV 85.0 MPH)
|
|
Batting: SHB Alvare Bairro
|
0-0: Called Strike 0-1: Called Strike 0-2: Ball 1-2: Ball 2-2: Fielders Choice at 2nd, 6-4 (Groundball, 6, EV 84.4 MPH)
|
|
Pinch Hitting: RHB Martin Guerrero
|
0-0: Called Strike 0-1: Called Strike Alvare Bairro steals 2nd base 0-2: Fly out, F7 (Flyball, 7, EV 95.6 MPH)
|
|
Pinch Hitting: RHB Blake Ballard
|
0-0: Called Strike 0-1: Called Strike 0-2: Ball 1-2: Strikes out swinging
|
| Top of the 9th over - 0 runs, 1 hit, 0 errors, 1 left on base; Texas 5 - Montreal 2 |
| BOTTOM OF THE 9TH |
|
Montreal Expos batting - Pitching for Texas Rangers : RHP Mark Lopez
|
|
Pitching: RHP Victor Morin
|
|
|
Now at SS: Martin Guerrero
|
|
|
Now in LF: Pat Wilson
|
|
|
Now in CF: Adryão Anto
|
|
|
Now in RF: Blake Ballard
|
|
|
Batting: SHB Lou Kroneman
|
0-0: Swinging Strike 0-1: Swinging Strike 0-2: Fly out, F7 (Flyball, 7S, EV 91.2 MPH)
|
|
Batting: LHB Austin Ohmer
|
0-0: Ball 1-0: Ball 2-0: Ball 3-0: Swinging Strike 3-1: Foul Ball, location: 2F 3-2: Foul Ball, location: 2F 3-2: Ground out 4-3 (Groundball, 4, EV 89.4 MPH)
|
|
Batting: LHB Jake Rheaume
|
0-0: Foul Ball, location: 2F 0-1: Ball 1-1: Ball 2-1: Ball 3-1: Base on Balls
|
|
Batting: RHB Steve French
|
0-0: Ball 1-0: Ball 2-0: Foul Ball, location: 2F 2-1: Foul Ball, location: 2F 2-2: Ball 3-2: Foul Ball, location: 2F 3-2: SINGLE (Groundball, 56S, EV 72.5 MPH) (infield hit) Jake Rheaume to second
|
|
Batting: RHB James Huddleston
|
0-0: Ball 1-0: Swinging Strike 1-1: SINGLE (Groundball, 56, EV 108.1 MPH) (infield hit) Jake Rheaume to third Steve French to second
|
|
Batting: RHB Sesto Carpini
|
0-0: Ball 1-0: Called Strike 1-1: Foul Ball, location: 2F 1-2: Ball 2-2: Ground out 4-3 (Groundball, 4, EV 89.4 MPH)
|
| Bottom of the 9th over - 0 runs, 2 hits, 0 errors, 3 left on base; Texas 5 - Montreal 2 |
|